 Dungeon Crawl Stone Soup version 0.21-a0-59-g7b0e191 (webtiles) character file.

203 Lavandula the Insei (level 5, -4/41 HPs)
             Began as a Mummy Monk on June 16, 2017.
             Slain by Menkaure (24 damage)
             ... on level 4 of the Dungeon.
             The game lasted 00:15:00 (3930 turns).

Lavandula the Insei (Mummy Monk)                    Turns: 3930, Time: 00:15:01

Health: -4/41      AC:  3    Str: 14    XL:     5   Next: 51%
Magic:  5/5        EV: 10    Int: 10    God:
Gold:   177        SH:  7    Dex: 15    Spells: 4/4 levels left

rFire    x . .     SeeInvis .     - Unarmed
rCold    + . .     Gourm    .   k - +0 shield
rNeg     + + +     Faith    .   (no armour)
rPois    ∞         Spirit   .   (no helmet)
rElec    .         Reflect  .   (no cloak)
rCorr    .         Harm     .   d - +2 pair of gloves
MR       .....                  (no boots)
Stlth    ++........             (no amulet)
HPRegen  0.13/turn              (no ring)
MPRegen  0.09/turn              (no ring)

@: no status effects
A: no food or potions, fire vulnerability, cold resistance 1, negative energy
resistance 3, torment resistance, unbreathing
a: no special abilities


You were on level 4 of the Dungeon.
You were not hungry.

You visited 1 branch of the dungeon, and saw 4 of its levels.

You collected 177 gold pieces.

Inventory:

Armour
 c - a +0 buckler
 d - a +2 pair of gloves (worn)
 j - a +0 helmet (quivered)
 k - a +0 shield (worn)
Scrolls
 a - a scroll of noise {unknown}
 b - a scroll of immolation {unknown}
 e - 2 scrolls of blinking {unknown}
 f - 2 scrolls of identify {unknown}
 g - a scroll of random uselessness {unknown}
 i - a scroll of remove curse {unknown}
 l - a scroll of enchant armour {unknown}
Comestibles
 h - 3 meat rations


   Skills:
 + Level 3.5 Fighting
 + Level 2.7 Dodging
 - Level 1.5 Stealth
 * Level 4.7 Unarmed Combat


You had 4 spell levels left.
You didn't know any spells.

Dungeon Overview and Level Annotations

Branches:
Dungeon (4/15)
 Temple: D:4-7

Altars:
Xom

Annotations:
D:4 Menkaure


Innate Abilities, Weirdness & Mutations

You do not eat or drink.
Your flesh is vulnerable to fire.
You are immune to poison.
Your flesh is cold resistant. (rC+)
You are immune to negative energy. (rN+++)
You are immune to unholy pain and torment.
You can survive without breathing.


Message History

You completely miss Menkaure.
Menkaure is heavily damaged.
Menkaure hits you!
You hit Menkaure.
Menkaure is heavily damaged.
You block Menkaure's attack.
You hit Menkaure.
Menkaure is severely damaged.
Menkaure misses you.
You barely miss Menkaure.
Menkaure is severely damaged.
Menkaure hits you but does no damage.
Your shield prevents you from hitting Menkaure.
Menkaure is severely damaged.
Menkaure hits you! Menkaure closely misses you.
You barely miss Menkaure.
Menkaure is severely damaged.
Menkaure hits you!!
Ouch! That really hurt!
You die...

### #.#######
##.######## #..##....
#.#.......#
##...#.###
##.######.###.!....#
#
#.##.......##...#.###
#......#.#.##........
####.#.#.#.###.##.###
#.# #..........# #@#
###.###+#### #M# #
#.# #†#.###.#
##........
.#########....###..
##
..W.............+..
+. .#########?...###.
## ##.#.# ....#


You could see Menkaure.

Vanquished Creatures
  2 vampire bats (D:3)
  5 adders
  An adder skeleton (D:3)
  A worm (D:2)
  A dart slug (D:2)
  2 leopard geckos (D:3)
  4 giant cockroaches
  8 goblins
  5 hobgoblins
  3 jackals (D:4)
  2 quokkas (D:2)
  2 ball pythons
  12 bats
  10 frilled lizards
  A jackal zombie (D:3)
  8 kobolds
  A quokka zombie (D:3)
  7 rats
75 creatures vanquished.

Notes
Turn   | Place    | Note
-------+----------+-------------------------------------------
     0 | D:1      | Lavandula the Mummy Monk began the quest for the Orb.
     0 | D:1      | Reached XP level 1. HP: 18/18 MP: 1/1
   168 | D:1      | good
   358 | D:1      | Reached XP level 2. HP: 21/24 MP: 2/2
  1511 | D:1      | Reached skill level 3 in Unarmed Combat
  1511 | D:1      | Reached XP level 3. HP: 25/29 MP: 3/3
  1667 | D:2      | Found a shimmering altar of Xom.
  2432 | D:2      | Reached XP level 4. HP: 34/35 MP: 4/4
  2642 | D:3      | Reached skill level 4 in Unarmed Combat
  2680 | D:3      | Reached XP level 5. HP: 37/41 MP: 5/5
  3900 | D:4      | Noticed Menkaure
  3911 | D:4      | Noticed a phantom
  3930 | D:4      | Slain by Menkaure

Vault maps used:
D:1:      dpeg_arrival_snail, serial_forest, infiniplex_forest_clump_double,
          infiniplex_forest_end_2, infiniplex_forest_end_1,
          infiniplex_forest_end_2, infiniplex_forest_lined_corner,
          infiniplex_forest_zigzag_1, infiniplex_forest_lined_3
D:2:      lemuel_round_altar
D:3:      serial_undead, serial_undead_b, serial_undead_e, serial_undead_d,
          serial_undead_f, roderic_batcave
D:4:      first_bread, serial_shops, shop, uniq_grinder, uniq_menkaure,
          uniq_natasha

Skill      XL: |  1  2  3  4 |
---------------+-------------+-----
Unarmed Combat | 3 4 |  4.7
Fighting       | |  3.5
Dodging        | |  2.7
Stealth        | |  1.5

Action                   |  1- 3 |  4- 6 || total
-------------------------+-------+-------++-------
Melee: Unarmed           |   184 |   158 ||   342
       Punch             |     2 |     1 ||     3
 Stab: Sleeping          |     6 |     1 ||     7
       Distracted        |     1 |       ||     1
Armor: Skin              |    28 |    35 ||    63
Dodge: Dodged            |    81 |   111 ||   192
Block: Shield            |       |    20 ||    20
